[ AOE2 MATCH · #505927652 ]
UnrankedMalay vs Khmer
Player's team · LOSS
Rival team · WIN
[ REPLAY ANALYSIS · EXTRACTED FROM THE RECORDED GAME ]
Feudal
13:44
Castle
16:27
Imperial
30:29
| APM avg | 42.2 |
| APM peak | 88 |
| eAPM avg | 25.0 |
| Villagers / military | 170 / 82 |
Focus
⚔️ 35.4% · 🌾 64.6%
Spearman ×68 · Monk ×5 · Karambit Warrior ×5 · Bombard Cannon ×2 · Trebuchet (Packed) ×2
Feudal
13:58
Castle
17:48
Imperial
32:40
| APM avg | 46.5 |
| APM peak | 86 |
| eAPM avg | 28.7 |
| Villagers / military | 146 / 111 |
Focus
⚔️ 32.0% · 🌾 68.0%
Scout Cavalry ×56 · Skirmisher ×43 · Monk ×6 · Trebuchet (Packed) ×4 · Archer ×2
Match map
Initial resources + every placement click. Lines = walls · curves = elevation contours. ◆ gold · ⬟ stone · ● berries · ✦ relic · ◌ wall gap
Your base· Open — unwalled flank
Leonidas's base· Open — unwalled flank
Smoothed initial terrain · ◌ = detected wall gap · hover for details
Inputs per minute
— Crankshaft - - Leonidas
Build order — Crankshaft
First 150 of 421 actions detected
| 0:41 | Build | Town Center |
| 2:49 | Queue | Villager (Male) |
| 2:49 | Queue | Villager (Male) |
| 2:54 | Build | House |
| 2:57 | Queue | Villager (Male) |
| 2:57 | Queue | Villager (Male) |
| 2:57 | Queue | Villager (Male) |
| 4:22 | Queue | Villager (Male) |
| 4:23 | Queue | Villager (Male) |
| 4:54 | Research | Loom |
| 4:58 | Build | House |
| 5:12 | Queue | Villager (Male) |
| 5:13 | Queue | Villager (Male) |
| 5:34 | Queue | Villager (Male) |
| 5:35 | Queue | Villager (Male) |
| 5:35 | Queue | Villager (Male) |
| 5:53 | Queue | Villager (Male) |
| 6:37 | Queue | Villager (Male) |
| 6:43 | Queue | Villager (Male) |
| 6:43 | Queue | Villager (Male) |
| 7:04 | Queue | Villager (Male) |
| 7:06 | Queue | Villager (Male) |
| 7:13 | Build | House |
| 7:38 | Queue | Villager (Male) |
| 8:15 | Build | Mill |
| 8:17 | Queue | Villager (Male) |
| 8:19 | Queue | Villager (Male) |
| 8:24 | Queue | Villager (Male) |
| 8:24 | Queue | Villager (Male) |
| 8:44 | Build | House |
| 8:56 | Queue | Villager (Male) |
| 9:00 | Build | Mill |
| 9:02 | Queue | Villager (Male) |
| 9:33 | Queue | Villager (Male) |
| 9:55 | Queue | Villager (Male) |
| 10:03 | Build | Lumber Camp |
| 10:08 | Queue | Villager (Male) |
| 10:26 | Queue | Villager (Male) |
| 10:52 | Queue | Villager (Male) |
| 11:22 | Queue | Villager (Male) |
| 11:26 | Build | Mining Camp |
| 11:47 | Queue | Villager (Male) |
| 12:00 | Build | House |
| 12:26 | Research | Feudal Age |
| 13:37 | Queue | Villager (Male) |
| 13:37 | Queue | Villager (Male) |
| 13:44 | Age | Feudal Age |
| 13:46 | Build | Blacksmith |
| 13:51 | Build | Market |
| 14:12 | Build | Palisade Wall |
| 14:51 | Research | Castle Age |
| 14:51 | Research | Castle Age |
| 15:20 | Build | House |
| 15:21 | Build | Palisade Wall |
| 15:23 | Build | Palisade Wall |
| 15:40 | Research | Double-Bit Axe |
| 15:40 | Research | Double-Bit Axe |
| 16:27 | Age | Castle Age |
| 16:31 | Queue | Villager (Male) |
| 16:39 | Build | Town Center |
| 16:50 | Queue | Villager (Male) |
| 17:13 | Build | Monastery |
| 17:15 | Build | Palisade Wall |
| 17:19 | Queue | Villager (Male) |
| 17:48 | Queue | Villager (Male) |
| 17:51 | Queue | Villager (Male) |
| 17:58 | Build | Outpost |
| 18:03 | Queue | Monk |
| 18:18 | Build | Mill |
| 18:19 | Queue | Villager (Male) |
| 18:28 | Build | House |
| 18:30 | Build | House |
| 18:39 | Build | Palisade Wall |
| 18:43 | Build | Barracks |
| 18:46 | Queue | Villager (Male) |
| 18:47 | Queue | Monk |
| 19:10 | Queue | Villager (Male) |
| 19:11 | Queue | Villager (Male) |
| 19:12 | Queue | Villager (Male) |
| 19:19 | Build | Farm |
| 19:22 | Build | Farm |
| 19:28 | Build | Farm |
| 19:37 | Queue | Villager (Male) |
| 19:38 | Queue | Villager (Male) |
| 19:47 | Build | Farm |
| 19:48 | Build | Farm |
| 20:01 | Build | Farm |
| 20:12 | Queue | Villager (Male) |
| 20:12 | Queue | Villager (Male) |
| 20:16 | Queue | Spearman |
| 20:17 | Queue | Spearman |
| 20:24 | Queue | Spearman |
| 20:24 | Queue | Villager (Male) |
| 20:28 | Build | Farm |
| 20:31 | Build | Farm |
| 20:43 | Queue | Villager (Male) |
| 20:43 | Queue | Villager (Male) |
| 20:47 | Build | Farm |
| 20:53 | Queue | Monk |
| 21:05 | Build | House |
| 21:28 | Queue | Villager (Male) |
| 21:31 | Queue | Villager (Male) |
| 21:32 | Build | Farm |
| 21:34 | Build | Farm |
| 21:35 | Build | Farm |
| 21:37 | Research | Horse Collar |
| 21:37 | Research | Horse Collar |
| 21:43 | Build | Farm |
| 21:53 | Queue | Monk |
| 22:12 | Queue | Spearman |
| 22:22 | Queue | Villager (Male) |
| 22:23 | Queue | Villager (Male) |
| 22:24 | Queue | Villager (Male) |
| 22:24 | Queue | Villager (Male) |
| 22:27 | Build | House |
| 22:28 | Build | House |
| 22:30 | Build | Farm |
| 22:30 | Build | Farm |
| 22:30 | Build | Farm |
| 22:31 | Build | Farm |
| 22:31 | Build | Farm |
| 22:31 | Build | Farm |
| 22:32 | Queue | Villager (Male) |
| 22:37 | Queue | Spearman |
| 23:01 | Queue | Spearman |
| 23:09 | Queue | Monk |
| 23:09 | Queue | Villager (Male) |
| 23:15 | Queue | Villager (Male) |
| 23:49 | Build | Castle |
| 23:50 | Queue | Villager (Male) |
| 23:51 | Queue | Villager (Male) |
| 23:59 | Queue | Villager (Male) |
| 24:00 | Build | Farm |
| 24:02 | Build | Farm |
| 24:03 | Queue | Villager (Male) |
| 24:03 | Queue | Villager (Male) |
| 24:04 | Queue | Villager (Male) |
| 24:08 | Queue | Villager (Male) |
| 24:09 | Build | Farm |
| 24:13 | Research | Wheelbarrow |
| 24:13 | Research | Wheelbarrow |
| 24:13 | Queue | Villager (Male) |
| 24:19 | Queue | Villager (Male) |
| 24:24 | Queue | Villager (Male) |
| 24:25 | Build | Farm |
| 24:33 | Queue | Spearman |
| 24:45 | Build | Farm |
| 24:48 | Queue | Villager (Male) |
| 24:48 | Queue | Villager (Male) |
| 24:52 | Build | Farm |
Build order — Leonidas
First 150 of 453 actions detected
| 0:49 | Build | Town Center |
| 1:00 | Build | House |
| 2:37 | Queue | Villager (Male) |
| 2:38 | Queue | Villager (Male) |
| 2:38 | Queue | Villager (Male) |
| 2:38 | Queue | Villager (Male) |
| 3:38 | Queue | Villager (Male) |
| 4:33 | Queue | Villager (Male) |
| 4:34 | Queue | Villager (Male) |
| 4:47 | Queue | Villager (Male) |
| 4:53 | Build | House |
| 4:59 | Build | House |
| 5:33 | Build | House |
| 5:35 | Queue | Villager (Male) |
| 5:35 | Queue | Villager (Male) |
| 5:36 | Queue | Villager (Male) |
| 6:12 | Build | Lumber Camp |
| 6:27 | Queue | Villager (Male) |
| 6:56 | Queue | Villager (Male) |
| 7:15 | Build | Mill |
| 7:17 | Queue | Villager (Male) |
| 7:17 | Queue | Villager (Male) |
| 7:39 | Build | House |
| 7:50 | Queue | Villager (Male) |
| 8:18 | Queue | Villager (Male) |
| 8:24 | Research | Loom |
| 8:42 | Queue | Villager (Male) |
| 8:55 | Build | House |
| 9:01 | Queue | Villager (Male) |
| 9:27 | Queue | Villager (Male) |
| 9:42 | Queue | Villager (Male) |
| 10:10 | Queue | Villager (Male) |
| 10:34 | Queue | Villager (Male) |
| 11:02 | Queue | Villager (Male) |
| 11:07 | Build | House |
| 11:24 | Build | Farm |
| 11:26 | Research | Feudal Age |
| 11:29 | Build | Farm |
| 11:31 | Build | Farm |
| 11:32 | Build | Farm |
| 11:33 | Build | Farm |
| 11:49 | Build | Farm |
| 11:54 | Build | Mining Camp |
| 12:33 | Queue | Villager (Male) |
| 13:46 | Queue | Villager (Male) |
| 13:58 | Age | Feudal Age |
| 15:08 | Research | Castle Age |
| 15:08 | Research | Castle Age |
| 15:14 | Build | Stable |
| 15:21 | Build | Farm |
| 15:22 | Build | Farm |
| 15:23 | Build | Farm |
| 15:34 | Build | House |
| 15:41 | Research | Horse Collar |
| 15:41 | Research | Horse Collar |
| 15:56 | Research | Double-Bit Axe |
| 16:12 | Queue | Scout Cavalry |
| 16:17 | Build | House |
| 16:23 | Queue | Villager (Male) |
| 16:29 | Queue | Scout Cavalry |
| 16:48 | Queue | Scout Cavalry |
| 17:07 | Queue | Villager (Male) |
| 17:15 | Build | House |
| 17:48 | Age | Castle Age |
| 17:49 | Build | Monastery |
| 17:51 | Research | Light Cavalry (upgrade) |
| 17:52 | Queue | Villager (Male) |
| 17:57 | Build | Town Center |
| 17:59 | Research | Bow Saw |
| 18:14 | Queue | Scout Cavalry |
| 18:14 | Queue | Scout Cavalry |
| 18:23 | Build | House |
| 18:32 | Queue | Monk |
| 18:40 | Queue | Villager (Male) |
| 18:49 | Queue | Villager (Male) |
| 19:03 | Build | House |
| 19:04 | Queue | Monk |
| 19:09 | Queue | Villager (Male) |
| 19:16 | Build | Town Center |
| 19:18 | Queue | Villager (Male) |
| 19:28 | Queue | Villager (Male) |
| 19:38 | Queue | Villager (Male) |
| 19:40 | Build | House |
| 19:46 | Queue | Villager (Male) |
| 19:49 | Queue | Villager (Male) |
| 19:58 | Build | Farm |
| 19:59 | Build | Farm |
| 19:59 | Build | Farm |
| 20:00 | Build | Farm |
| 20:01 | Queue | Villager (Male) |
| 20:09 | Research | Town Watch |
| 20:10 | Research | Town Watch |
| 20:16 | Build | House |
| 20:23 | Queue | Villager (Male) |
| 20:36 | Build | Farm |
| 20:36 | Build | Farm |
| 20:39 | Queue | Villager (Male) |
| 20:52 | Build | Farm |
| 20:52 | Build | Farm |
| 20:54 | Queue | Villager (Male) |
| 20:57 | Build | House |
| 21:09 | Queue | Villager (Male) |
| 21:12 | Queue | Monk |
| 21:14 | Build | Farm |
| 21:14 | Build | Farm |
| 21:17 | Queue | Villager (Male) |
| 21:27 | Queue | Villager (Male) |
| 21:36 | Build | Farm |
| 21:36 | Queue | Villager (Male) |
| 21:49 | Queue | Villager (Male) |
| 21:59 | Queue | Villager (Male) |
| 22:10 | Queue | Villager (Male) |
| 22:12 | Queue | Monk |
| 22:17 | Build | Farm |
| 22:18 | Build | Farm |
| 22:19 | Build | Farm |
| 22:20 | Queue | Villager (Male) |
| 22:29 | Queue | Villager (Male) |
| 22:29 | Queue | Villager (Male) |
| 22:40 | Queue | Villager (Male) |
| 22:49 | Queue | Villager (Male) |
| 23:01 | Queue | Villager (Male) |
| 23:13 | Queue | Villager (Male) |
| 23:20 | Build | Farm |
| 23:21 | Build | Farm |
| 23:21 | Build | Farm |
| 23:21 | Build | Farm |
| 23:22 | Build | Farm |
| 23:22 | Build | Farm |
| 23:22 | Build | Farm |
| 23:23 | Queue | Villager (Male) |
| 23:29 | Queue | Villager (Male) |
| 23:36 | Queue | Villager (Male) |
| 23:45 | Queue | Villager (Male) |
| 23:50 | Build | Farm |
| 23:51 | Build | Farm |
| 23:51 | Build | Farm |
| 23:51 | Build | Farm |
| 23:52 | Build | Farm |
| 23:52 | Build | Farm |
| 23:53 | Queue | Villager (Male) |
| 23:55 | Build | Farm |
| 23:59 | Build | Monastery |
| 24:00 | Queue | Villager (Male) |
| 24:16 | Queue | Villager (Male) |
| 24:17 | Queue | Villager (Male) |
| 24:19 | Build | Farm |
| 24:23 | Queue | Villager (Male) |
| 24:36 | Research | Fervor |
| 24:36 | Research | Fervor |
Match timeline
| 13:44 | Crankshaft · age_up feudal |
| 13:58 | Leonidas · age_up feudal |
| 14:12 | Crankshaft · wall_segment Palisade Wall x3 |
| 14:44 | Crankshaft · first_market_sell 100 stone |
| 15:14 | Leonidas · first_building Stable |
| 15:21 | Crankshaft · wall_segment Palisade Wall x1 |
| 15:23 | Crankshaft · wall_segment Palisade Wall x4 |
| 16:27 | Crankshaft · age_up castle |
| 17:13 | Crankshaft · first_building Monastery |
| 17:15 | Crankshaft · wall_segment Palisade Wall x2 |
| 17:48 | Leonidas · age_up castle |
| 17:49 | Leonidas · first_building Monastery |
| 18:39 | Crankshaft · wall_segment Palisade Wall x1 |
| 18:43 | Crankshaft · first_building Barracks |
| 19:34 | Crankshaft · first_market_buy 100 food |
| 23:49 | Crankshaft · first_building Castle |
| 28:37 | Crankshaft · wall_segment Palisade Wall x1 |
| 28:40 | Leonidas · wall_segment Stone Wall x8 |
| 29:02 | Crankshaft · wall_segment Palisade Wall x1 |
| 30:10 | Leonidas · first_building Archery Range |
| 30:29 | Crankshaft · age_up imperial |
| 30:54 | Leonidas · first_building Castle |
| 30:58 | Crankshaft · wall_segment Palisade Wall x1 |
| 31:02 | Crankshaft · wall_segment Palisade Wall x1 |
| 31:05 | Crankshaft · wall_segment Palisade Wall x1 |
| 31:06 | Crankshaft · wall_segment Palisade Wall x1 |
| 32:15 | Crankshaft · first_building Siege Workshop |
| 32:28 | Crankshaft · wall_segment Palisade Wall x1 |
| 32:40 | Leonidas · age_up imperial |
| 37:22 | Leonidas · first_market_sell 500 food |
| 38:37 | Crankshaft · resign |
[ AI ANALYSIS · 1 CREDIT ]
What really happened in this match?
Wolo.gg analyzes every decision: build order, eco, micro, common mistakes by bracket. Personalized analysis on WhatsApp or Discord in 30 seconds.
Civ guide
Malay
Perfil
Jugador #318082